details: '2v4 maginot line'

« prev index next »

General information

Mini Map

Players

team 1
Random» Undeadthorzz (pink | 41 APM | 2515 actions | 61:07)
Hero icon 5 Death Knight
Ability icon 2 Death Coil
Ability icon 3 Unholy Aura
Hero icon 4 Lich
Ability icon 2 Frost Nova
Ability icon 2 Frost Armor
Hero icon 5 Crypt Lord
Ability icon 3 Carrion Beetles
Ability icon 2 Spiked Carapace

» actions
Assign group hotkey30
Basic commands2
Build / train56
Enter build submenu18
Enter hero's abilities submenu14
Give item / drop item1
Right click1255
Select / deselect162
Select group hotkey909
Use ability68
2515 total
» units
Acolyte6
Ghoul4
Frost Wyrm12
22 total
» upgrades
Freezing Breath1
Creature Attack3
Creature Carapace3
7 total
» buildings
Crypt1
Altar of Darkness1
Tomb of Relics1
Ziggurat9
Halls of the Dead1
Graveyard1
Black Citadel1
Sacrificial Pit1
Boneyard3
19 total
» build order
00:40 Crypt
00:44 Altar of Darkness
00:48 Tomb of Relics
00:53 Ziggurat
02:39 Halls of the Dead
02:57 Ziggurat
03:25 Ziggurat
03:38 Ziggurat
04:22 Graveyard
04:28 Ziggurat
05:00 Black Citadel
05:52 Sacrificial Pit
05:57 Ziggurat
07:26 Boneyard
07:50 Boneyard
08:05 Boneyard
13:18 Ziggurat
13:20 Ziggurat
13:22 Ziggurat
» items
Rod of Necromancy2
Orb of Corruption2
Potion of Healing1
5 total
HumanBOM-factor (teal | 20 APM | 1243 actions | 62:11)
Hero icon 1 Mountain King
Ability icon 1 Storm Bolt

» actions
Assign group hotkey16
Basic commands32
Build / train136
ESC pressed4
Enter build submenu67
Enter hero's abilities submenu1
Right click407
Select / deselect459
Select group hotkey14
Use ability107
1243 total
» units
Peasant34
Siege Engine34
Flying Machine7
Mortar Team1
Crypt Fiend1
Rifleman9
Priest1
87 total
» upgrades
Gunpowder4
Lumber Harvesting2
Masonry3
Barrage1
Magic Sentry1
Plating4
15 total
» buildings
Farm17
Lumber Mill1
Scout Tower59
Guard Tower18
Blacksmith1
Keep4
Altar of Kings1
Castle1
Workshop4
Arcane Sanctum1
Town Hall4
Cannon Tower5
Arcane Tower4
Barracks2
122 total
» build order
00:13 Farm
00:24 Lumber Mill
00:31 Scout Tower
00:39 Scout Tower
01:16 Guard Tower
01:41 Scout Tower
01:46 Guard Tower
02:11 Guard Tower
02:45 Blacksmith
02:50 Keep
02:58 Altar of Kings
03:06 Farm
03:31 Farm
03:36 Farm
03:54 Farm
04:11 Farm
05:12 Castle
05:19 Workshop
05:25 Workshop
05:40 Workshop
05:50 Workshop
06:34 Farm
08:43 Farm
09:00 Arcane Sanctum
09:19 Farm
09:50 Scout Tower
09:55 Scout Tower
12:22 Scout Tower
12:59 Guard Tower
13:48 Town Hall
15:52 Scout Tower
15:56 Scout Tower
15:57 Scout Tower
15:58 Scout Tower
16:54 Guard Tower
17:44 Farm
19:15 Guard Tower
19:59 Guard Tower
20:48 Farm
21:10 Scout Tower
21:13 Scout Tower
21:14 Scout Tower
21:16 Scout Tower
21:56 Guard Tower
22:31 Scout Tower
22:33 Scout Tower
22:35 Scout Tower
23:52 Guard Tower
28:18 Scout Tower
28:20 Scout Tower
28:21 Scout Tower
28:24 Scout Tower
28:25 Scout Tower
29:53 Guard Tower
32:37 Keep
34:31 Guard Tower
36:32 Town Hall
40:42 Keep
42:25 Scout Tower
42:48 Scout Tower
42:48 Scout Tower
42:49 Scout Tower
42:58 Guard Tower
43:24 Scout Tower
43:26 Scout Tower
43:27 Scout Tower
43:28 Scout Tower
43:58 Cannon Tower
44:00 Guard Tower
44:50 Arcane Tower
44:59 Scout Tower
45:02 Scout Tower
45:03 Scout Tower
45:03 Scout Tower
45:05 Scout Tower
45:32 Guard Tower
45:53 Guard Tower
46:11 Arcane Tower
46:42 Cannon Tower
47:04 Scout Tower
47:06 Scout Tower
48:12 Keep
48:16 Arcane Tower
48:17 Cannon Tower
49:05 Town Hall
49:11 Scout Tower
49:16 Scout Tower
50:37 Barracks
50:40 Barracks
54:03 Farm
54:05 Farm
54:17 Farm
54:22 Scout Tower
54:24 Scout Tower
54:27 Scout Tower
54:34 Scout Tower
54:37 Scout Tower
54:38 Scout Tower
54:40 Scout Tower
54:48 Farm
54:50 Farm
54:54 Farm
55:20 Guard Tower
55:44 Cannon Tower
55:52 Town Hall
56:18 Guard Tower
56:26 Scout Tower
56:28 Scout Tower
56:29 Scout Tower
56:36 Arcane Tower
56:39 Cannon Tower
56:42 Scout Tower
56:46 Scout Tower
56:47 Scout Tower
57:11 Guard Tower
58:19 Scout Tower
58:22 Scout Tower
58:25 Scout Tower
58:26 Scout Tower
59:50 Scout Tower
59:53 Scout Tower
59:55 Scout Tower
HumanCornmilk (green | 11 APM | 450 actions | 42:17)
Hero icon 2 Archmage
Ability icon 1 Summon Water Elemental
Ability icon 1 Brilliance Aura

» actions
Basic commands4
Build / train47
Enter build submenu51
Enter hero's abilities submenu2
Right click104
Select / deselect196
Use ability46
450 total
» units
Peasant12
Footman8
Rifleman6
26 total
» upgrades
Masonry2
Lumber Harvesting1
Long Rifles1
Gunpowder1
Swords1
6 total
» buildings
Altar of Kings1
Barracks2
Farm11
Lumber Mill2
Scout Tower11
Keep2
Guard Tower9
Blacksmith2
Arcane Vault1
Arcane Sanctum2
Town Hall2
Workshop3
Castle1
49 total
» build order
00:30 Altar of Kings
00:45 Barracks
01:23 Farm
01:41 Farm
01:51 Lumber Mill
01:59 Lumber Mill
02:38 Farm
03:22 Scout Tower
03:45 Keep
03:55 Scout Tower
05:47 Farm
05:57 Guard Tower
06:28 Scout Tower
06:48 Farm
07:01 Farm
07:04 Guard Tower
07:46 Farm
07:51 Scout Tower
09:43 Scout Tower
09:54 Blacksmith
09:58 Guard Tower
10:26 Guard Tower
10:34 Arcane Vault
12:19 Scout Tower
12:25 Scout Tower
13:01 Guard Tower
13:14 Farm
13:20 Farm
13:24 Guard Tower
13:58 Barracks
14:05 Scout Tower
18:49 Farm
18:56 Farm
22:26 Guard Tower
22:31 Scout Tower
22:47 Scout Tower
23:07 Scout Tower
23:48 Guard Tower
24:06 Arcane Sanctum
24:16 Arcane Sanctum
24:20 Guard Tower
26:20 Town Hall
27:16 Workshop
27:21 Workshop
27:23 Castle
27:29 Workshop
39:01 Town Hall
41:16 Blacksmith
42:02 Keep
Undeadcameloman (blue | 46 APM | 1929 actions | 42:07)
Hero icon 7 Dark Ranger
Ability icon 3 Black Arrow
Ability icon 3 Life Drain
Ability icon 1 Charm

» actions
Assign group hotkey16
Basic commands11
Build / train87
Enter build submenu25
Enter hero's abilities submenu7
Give item / drop item6
Right click1329
Select / deselect401
Select group hotkey7
Use ability40
1929 total
» units
Acolyte8
Ghoul8
Crypt Fiend13
Gargoyle11
Frost Wyrm9
Meatwagon7
56 total
» upgrades
Creature Attack3
Creature Carapace3
Web1
Stone Form1
Ghoul Frenzy1
Freezing Breath1
10 total
» buildings
Crypt2
Ziggurat12
Altar of Darkness1
Graveyard1
Halls of the Dead1
Black Citadel1
Sacrificial Pit1
Tomb of Relics1
Boneyard1
Spirit Tower3
Slaughterhouse1
25 total
» build order
01:02 Crypt
01:08 Crypt
01:11 Ziggurat
01:15 Altar of Darkness
01:30 Ziggurat
01:40 Graveyard
03:22 Ziggurat
05:47 Halls of the Dead
06:00 Ziggurat
06:51 Ziggurat
06:55 Ziggurat
06:58 Ziggurat
07:01 Ziggurat
07:06 Ziggurat
08:08 Black Citadel
08:15 Sacrificial Pit
08:19 Tomb of Relics
10:37 Boneyard
30:33 Spirit Tower
30:35 Spirit Tower
30:37 Spirit Tower
32:31 Slaughterhouse
33:13 Ziggurat
33:26 Ziggurat
34:06 Ziggurat
» items
Scroll of Protection3
Scroll of Healing2
Potion of Healing1
Scroll of Town Portal1
Orb of Corruption1
8 total
team 2
Humanseeds (purple | 68 APM | 4221 actions | 62:11)
Hero icon 5 Priestess of the Moon
Ability icon 1 Searing Arrows
Ability icon 3 Trueshot Aura
Ability icon 1 Scout
Hero icon 7 Archmage
Ability icon 3 Blizzard
Ability icon 3 Brilliance Aura
Ability icon 1 Mass Teleport
Hero icon 6 Pit Lord
Ability icon 3 Rain of Fire
Ability icon 2 Cleaving Attack
Ability icon 1 Doom
Hero icon 3 Dark Ranger
Ability icon 2 Silence
Ability icon 1 Black Arrow

» actions
Assign group hotkey80
Basic commands90
Build / train285
Enter build submenu88
Enter hero's abilities submenu23
Give item / drop item5
Right click1503
Select / deselect917
Select group hotkey801
Use ability429
4221 total
» units
Peasant19
Wisp16
Huntress3
Goblin Shredder7
Druid of the Claw1
Druid of the Talon3
Dryad4
Mountain Giant1
Flying Machine14
Siege Engine2
Hippogryph6
Chimaera3
Mortar Team1
Sorceress1
81 total
» upgrades
Masonry3
Ultravision1
Druid of the Claw Training2
Flak Cannons1
Barrage1
Fragmentation Shards1
Druid of the Talon Training2
Lumber Harvesting2
Gunpowder1
Plating1
Magic Sentry1
Well Spring1
Strength of the Wild1
Reinforced Hides1
Sorceress Training1
20 total
» buildings
Altar of Kings1
Farm10
Lumber Mill4
Scout Tower169
Hunter's Hall1
Guard Tower106
Ancient of War2
Moon Well6
Arcane Tower3
Tree of Ages4
Keep1
Tree of Eternity4
Ancient of Wind3
Ancient of Lore2
Castle3
Blacksmith1
Town Hall1
Workshop4
Ancient of Wonders1
Chimaera Roost1
Arcane Sanctum1
Arcane Vault1
329 total
» build order
00:16 Altar of Kings
00:21 Farm
00:49 Lumber Mill
01:26 Farm
01:31 Scout Tower
01:34 Scout Tower
01:44 Hunter's Hall
02:00 Guard Tower
02:01 Guard Tower
02:20 Ancient of War
02:33 Guard Tower
02:33 Guard Tower
02:41 Scout Tower
02:43 Scout Tower
02:44 Scout Tower
02:48 Ancient of War
02:52 Moon Well
03:19 Guard Tower
03:19 Guard Tower
03:44 Farm
03:48 Scout Tower
03:48 Scout Tower
03:50 Scout Tower
04:07 Scout Tower
04:08 Scout Tower
04:19 Guard Tower
04:27 Arcane Tower
04:27 Arcane Tower
04:32 Lumber Mill
04:36 Lumber Mill
04:38 Guard Tower
04:44 Lumber Mill
04:47 Guard Tower
04:47 Guard Tower
05:08 Guard Tower
05:08 Guard Tower
05:10 Scout Tower
05:12 Scout Tower
05:13 Scout Tower
05:13 Scout Tower
05:16 Guard Tower
05:21 Scout Tower
05:52 Tree of Ages
05:52 Tree of Ages
06:08 Keep
06:43 Guard Tower
06:44 Scout Tower
06:44 Scout Tower
06:45 Scout Tower
06:46 Scout Tower
06:54 Guard Tower
06:56 Scout Tower
06:57 Scout Tower
06:59 Scout Tower
06:59 Scout Tower
07:01 Scout Tower
07:02 Scout Tower
07:03 Scout Tower
07:04 Scout Tower
07:05 Scout Tower
07:06 Scout Tower
07:51 Guard Tower
07:54 Scout Tower
07:54 Scout Tower
07:55 Scout Tower
07:55 Scout Tower
08:12 Moon Well
08:12 Moon Well
08:14 Moon Well
08:15 Moon Well
08:20 Tree of Eternity
08:21 Tree of Eternity
08:21 Ancient of Wind
08:25 Ancient of Lore
08:25 Ancient of Lore
09:00 Castle
09:00 Castle
09:01 Blacksmith
09:07 Farm
09:08 Farm
09:09 Farm
09:11 Guard Tower
09:12 Guard Tower
10:07 Town Hall
10:18 Farm
10:20 Farm
10:42 Ancient of Wind
10:44 Ancient of Wind
10:46 Moon Well
10:48 Guard Tower
10:48 Guard Tower
10:49 Guard Tower
11:20 Workshop
11:21 Workshop
11:25 Workshop
11:28 Workshop
12:00 Ancient of Wonders
12:13 Guard Tower
12:19 Scout Tower
12:19 Scout Tower
12:20 Scout Tower
12:22 Scout Tower
12:22 Scout Tower
12:22 Scout Tower
12:25 Scout Tower
12:25 Scout Tower
12:27 Scout Tower
12:27 Scout Tower
12:28 Scout Tower
12:32 Scout Tower
12:32 Scout Tower
12:33 Scout Tower
12:33 Scout Tower
12:59 Guard Tower
13:36 Chimaera Roost
14:03 Guard Tower
14:09 Guard Tower
14:27 Guard Tower
14:27 Guard Tower
14:27 Guard Tower
14:43 Guard Tower
14:47 Scout Tower
14:47 Scout Tower
14:48 Scout Tower
14:48 Scout Tower
14:48 Scout Tower
14:49 Scout Tower
14:49 Scout Tower
14:50 Scout Tower
14:50 Scout Tower
15:43 Guard Tower
15:50 Guard Tower
15:50 Guard Tower
15:51 Scout Tower
15:51 Scout Tower
15:51 Scout Tower
15:52 Scout Tower
15:52 Scout Tower
15:53 Scout Tower
15:53 Scout Tower
15:54 Scout Tower
15:54 Scout Tower
15:54 Scout Tower
15:55 Scout Tower
15:55 Scout Tower
17:14 Guard Tower
17:14 Guard Tower
17:16 Guard Tower
17:17 Guard Tower
17:17 Guard Tower
18:11 Guard Tower
18:11 Guard Tower
18:11 Guard Tower
18:14 Scout Tower
18:14 Scout Tower
18:15 Scout Tower
18:16 Scout Tower
18:16 Scout Tower
18:17 Scout Tower
18:17 Scout Tower
18:17 Scout Tower
18:18 Scout Tower
18:18 Scout Tower
19:36 Guard Tower
19:36 Guard Tower
19:38 Arcane Sanctum
20:42 Farm
20:45 Farm
20:51 Scout Tower
20:51 Scout Tower
20:52 Scout Tower
20:53 Scout Tower
20:53 Scout Tower
20:53 Scout Tower
20:54 Scout Tower
20:54 Scout Tower
20:54 Scout Tower
20:55 Scout Tower
20:55 Scout Tower
20:55 Scout Tower
20:56 Scout Tower
20:56 Scout Tower
20:56 Scout Tower
21:37 Guard Tower
21:37 Guard Tower
21:42 Guard Tower
21:42 Guard Tower
21:42 Guard Tower
24:10 Guard Tower
24:10 Guard Tower
24:16 Guard Tower
24:17 Guard Tower
24:17 Guard Tower
24:43 Arcane Vault
25:26 Scout Tower
25:27 Scout Tower
25:27 Scout Tower
25:28 Scout Tower
25:28 Scout Tower
25:29 Scout Tower
25:30 Scout Tower
25:31 Scout Tower
25:32 Scout Tower
25:33 Scout Tower
25:33 Scout Tower
25:35 Scout Tower
25:36 Scout Tower
25:37 Scout Tower
25:37 Scout Tower
25:38 Scout Tower
25:42 Scout Tower
25:43 Scout Tower
25:44 Scout Tower
25:45 Scout Tower
25:46 Scout Tower
25:47 Scout Tower
25:47 Scout Tower
25:48 Scout Tower
25:49 Scout Tower
25:49 Scout Tower
25:50 Scout Tower
25:51 Scout Tower
25:52 Scout Tower
25:53 Scout Tower
25:55 Scout Tower
25:56 Scout Tower
25:56 Scout Tower
25:58 Scout Tower
25:59 Scout Tower
26:00 Scout Tower
26:03 Guard Tower
26:03 Guard Tower
27:37 Guard Tower
27:37 Guard Tower
27:38 Guard Tower
27:41 Guard Tower
27:41 Guard Tower
27:43 Guard Tower
27:43 Guard Tower
27:43 Guard Tower
28:50 Guard Tower
28:50 Guard Tower
29:52 Scout Tower
29:56 Scout Tower
29:56 Scout Tower
29:56 Scout Tower
29:57 Scout Tower
29:57 Scout Tower
29:57 Scout Tower
29:57 Scout Tower
29:58 Scout Tower
29:58 Scout Tower
30:01 Scout Tower
30:22 Scout Tower
30:22 Scout Tower
30:36 Guard Tower
30:36 Guard Tower
30:36 Guard Tower
30:40 Scout Tower
30:40 Scout Tower
30:41 Scout Tower
30:42 Scout Tower
30:42 Scout Tower
30:54 Guard Tower
30:58 Guard Tower
30:58 Guard Tower
31:02 Scout Tower
31:04 Scout Tower
31:06 Scout Tower
31:06 Scout Tower
31:07 Scout Tower
31:17 Guard Tower
31:18 Guard Tower
31:29 Guard Tower
34:01 Guard Tower
34:24 Guard Tower
» items
Staff of Sanctuary3
Scroll of Town Portal2
Boots of Speed2
Staff of Teleportation2
Potion of Invisibility1
Orb of Venom1
Staff of Preservation1
12 total
Humandefense_expert (yellow | 61 APM | 3765 actions | 62:12)
Hero icon 7 Archmage
Ability icon 3 Blizzard
Ability icon 3 Brilliance Aura
Ability icon 1 Mass Teleport
Hero icon 8 Keeper of the Grove
Ability icon 3 Entangling Roots
Ability icon 3 Thorns Aura
Ability icon 1 Tranquility
Ability icon 1 Force of Nature
Hero icon 1 Priestess of the Moon
Ability icon 1 Starfall

» actions
Assign group hotkey130
Basic commands147
Build / train254
ESC pressed14
Enter build submenu92
Enter hero's abilities submenu17
Give item / drop item13
Remove unit from queue14
Right click1223
Select / deselect785
Select group hotkey698
Use ability378
3765 total
» units
Peasant40
Wisp23
Huntress5
Druid of the Talon1
Goblin Shredder1
Goblin Zeppelin1
Chimaera14
Gryphon Rider5
Hippogryph1
91 total
» upgrades
Masonry3
Lumber Harvesting2
Gunpowder3
Plating4
Nature's Blessing1
Improved Bows1
Marksmanship1
Upgrade Moon Glaive1
Corrosive Breath2
Magic Sentry1
Strength of the Wild4
Reinforced Hides5
Fragmentation Shards1
Flak Cannons1
Barrage1
Flare1
Well Spring1
Ultravision1
Armor3
Swords3
Storm Hammers1
Animal War Training1
Druid of the Talon Training1
Mark of the Talon1
44 total
» buildings
Altar of Kings1
Farm9
Altar of Elders2
Moon Well10
Lumber Mill4
Hunter's Hall1
Ancient of War3
Scout Tower157
Arcane Tower1
Guard Tower61
Tree of Ages1
Town Hall3
Arcane Vault2
Tree of Eternity2
Ancient of Wind2
Keep2
Blacksmith1
Tree of Life1
Chimaera Roost4
Arcane Sanctum1
Castle3
Workshop3
Ancient Protector3
Gryphon Aviary7
Barracks1
285 total
» build order
00:16 Altar of Kings
00:19 Farm
00:40 Altar of Elders
00:43 Altar of Elders
00:46 Moon Well
00:52 Lumber Mill
01:14 Farm
02:02 Farm
02:04 Farm
02:12 Hunter's Hall
02:13 Ancient of War
02:22 Ancient of War
02:24 Ancient of War
02:31 Scout Tower
02:34 Scout Tower
03:03 Arcane Tower
03:04 Scout Tower
03:06 Scout Tower
03:07 Guard Tower
03:21 Moon Well
03:24 Moon Well
03:30 Guard Tower
03:31 Guard Tower
03:31 Scout Tower
03:34 Guard Tower
03:35 Scout Tower
03:49 Moon Well
03:51 Moon Well
03:56 Scout Tower
03:59 Scout Tower
04:01 Scout Tower
04:02 Guard Tower
04:02 Guard Tower
04:07 Tree of Ages
04:21 Guard Tower
04:24 Scout Tower
04:24 Scout Tower
04:24 Scout Tower
04:27 Scout Tower
04:28 Scout Tower
04:29 Scout Tower
04:35 Guard Tower
04:36 Scout Tower
04:37 Scout Tower
05:11 Town Hall
05:37 Moon Well
05:37 Moon Well
05:40 Guard Tower
06:22 Arcane Vault
06:26 Guard Tower
06:27 Scout Tower
06:27 Scout Tower
06:28 Scout Tower
06:35 Guard Tower
06:35 Guard Tower
06:43 Tree of Eternity
06:44 Tree of Eternity
06:45 Ancient of Wind
07:24 Guard Tower
07:36 Keep
08:03 Town Hall
08:15 Guard Tower
08:28 Scout Tower
08:28 Scout Tower
08:28 Scout Tower
08:30 Scout Tower
08:31 Scout Tower
08:31 Scout Tower
08:32 Scout Tower
08:33 Scout Tower
08:33 Scout Tower
08:34 Scout Tower
09:08 Scout Tower
09:08 Scout Tower
09:09 Scout Tower
09:10 Scout Tower
09:11 Scout Tower
09:11 Scout Tower
09:11 Scout Tower
09:12 Scout Tower
09:12 Scout Tower
09:13 Scout Tower
09:24 Blacksmith
09:27 Guard Tower
09:48 Guard Tower
10:05 Guard Tower
10:11 Guard Tower
10:22 Tree of Life
10:28 Guard Tower
10:29 Guard Tower
11:00 Guard Tower
11:08 Scout Tower
11:08 Scout Tower
11:08 Scout Tower
11:09 Scout Tower
11:09 Scout Tower
11:10 Scout Tower
11:12 Scout Tower
11:12 Scout Tower
11:12 Scout Tower
11:13 Scout Tower
11:14 Scout Tower
11:14 Scout Tower
11:14 Scout Tower
11:15 Scout Tower
11:15 Scout Tower
11:20 Chimaera Roost
11:20 Chimaera Roost
11:21 Chimaera Roost
11:22 Chimaera Roost
11:29 Guard Tower
11:51 Moon Well
11:55 Guard Tower
11:58 Arcane Sanctum
11:59 Scout Tower
12:19 Guard Tower
12:25 Castle
12:25 Castle
12:31 Workshop
12:31 Workshop
12:32 Workshop
12:37 Guard Tower
12:37 Guard Tower
12:40 Scout Tower
12:40 Scout Tower
12:41 Scout Tower
12:41 Scout Tower
12:42 Scout Tower
12:42 Scout Tower
12:42 Scout Tower
12:43 Scout Tower
13:22 Guard Tower
13:23 Guard Tower
13:37 Ancient Protector
13:38 Ancient Protector
13:42 Moon Well
13:42 Moon Well
13:46 Ancient of Wind
13:56 Ancient Protector
13:59 Guard Tower
14:02 Guard Tower
14:04 Scout Tower
14:05 Scout Tower
14:05 Scout Tower
14:05 Scout Tower
14:12 Guard Tower
14:17 Guard Tower
14:54 Guard Tower
14:54 Guard Tower
15:52 Guard Tower
15:53 Guard Tower
17:08 Guard Tower
17:11 Guard Tower
17:15 Scout Tower
17:15 Scout Tower
17:16 Scout Tower
17:17 Scout Tower
17:50 Guard Tower
17:53 Scout Tower
17:54 Scout Tower
17:55 Scout Tower
17:56 Scout Tower
18:00 Scout Tower
18:01 Scout Tower
18:03 Scout Tower
18:03 Scout Tower
18:55 Arcane Vault
19:08 Scout Tower
19:09 Scout Tower
19:10 Scout Tower
19:10 Scout Tower
19:10 Scout Tower
19:11 Scout Tower
19:11 Scout Tower
19:12 Scout Tower
19:13 Scout Tower
19:13 Scout Tower
19:13 Scout Tower
19:14 Scout Tower
19:21 Guard Tower
19:24 Guard Tower
19:29 Scout Tower
19:30 Scout Tower
19:33 Scout Tower
19:33 Scout Tower
19:34 Scout Tower
19:34 Scout Tower
19:35 Scout Tower
19:35 Scout Tower
19:48 Guard Tower
19:52 Lumber Mill
20:19 Guard Tower
20:41 Guard Tower
21:14 Scout Tower
21:15 Scout Tower
21:15 Scout Tower
21:15 Scout Tower
21:17 Scout Tower
21:17 Scout Tower
21:17 Scout Tower
21:18 Scout Tower
21:18 Scout Tower
21:19 Scout Tower
21:19 Scout Tower
21:19 Scout Tower
21:20 Scout Tower
21:20 Scout Tower
22:58 Lumber Mill
23:28 Scout Tower
23:29 Scout Tower
23:29 Scout Tower
23:29 Scout Tower
24:10 Guard Tower
24:17 Scout Tower
24:17 Scout Tower
24:18 Scout Tower
24:18 Scout Tower
24:19 Scout Tower
24:19 Scout Tower
24:22 Guard Tower
24:59 Guard Tower
25:05 Town Hall
25:25 Scout Tower
25:25 Scout Tower
25:25 Scout Tower
25:26 Scout Tower
25:26 Scout Tower
25:27 Scout Tower
25:27 Scout Tower
25:27 Scout Tower
25:29 Guard Tower
25:30 Scout Tower
25:31 Scout Tower
25:31 Scout Tower
25:31 Scout Tower
25:32 Scout Tower
25:33 Guard Tower
25:34 Scout Tower
25:35 Scout Tower
25:40 Guard Tower
25:59 Guard Tower
26:53 Guard Tower
26:54 Guard Tower
28:05 Guard Tower
28:05 Guard Tower
30:36 Scout Tower
30:36 Scout Tower
30:36 Scout Tower
30:40 Scout Tower
30:40 Scout Tower
30:40 Scout Tower
30:41 Scout Tower
30:41 Scout Tower
30:41 Scout Tower
30:41 Scout Tower
30:42 Scout Tower
30:42 Scout Tower
31:23 Guard Tower
31:40 Guard Tower
31:47 Farm
31:51 Farm
31:51 Farm
31:51 Farm
31:52 Farm
31:57 Guard Tower
32:56 Guard Tower
38:22 Lumber Mill
47:43 Gryphon Aviary
47:44 Gryphon Aviary
47:45 Gryphon Aviary
47:46 Gryphon Aviary
47:47 Gryphon Aviary
47:51 Gryphon Aviary
47:51 Gryphon Aviary
48:50 Barracks
» items
Scroll of Regeneration3
Staff of Sanctuary1
Boots of Speed2
Scroll of Town Portal7
Staff of Teleportation1
14 total
NightElfBlood-Marduk (red | 17 APM | 16 actions | 00:55)

» actions
Build / train2
Enter build submenu2
Right click6
Select / deselect4
Use ability2
16 total
» units
Wisp2
2 total
» buildings
Altar of Elders1
Moon Well1
2 total
» build order
00:10 Altar of Elders
00:13 Moon Well
Random» NigaZ (orange | 0 APM | 0 actions | 00:19)

Chat log

(00:08 / All) NigaZ: purple and yellow are leavers leave now
(00:10 / 4) defense_expert: ill tower top
(00:14 / All) Blood-Marduk: XD
(00:35 / Allies) defense_expert: our other ally was afk that game
(00:51 / All) Blood-Marduk: amazing oj obeyed such command, well i cant carry a team of noobs. bye
(01:02 / 4) defense_expert: u got bottom elf
(01:08 / 4) defense_expert: lets just have htem do hunt build for the start?
(01:09 / Allies) seeds: waht to do with them
(01:14 / Allies) seeds: k
(01:20 / Allies) seeds: i get potm
(01:21 / 4) defense_expert: we are gonna get blitzed tho

(02:50 / Allies) defense_expert: tower the bottom schokes
(02:53 / Allies) defense_expert: not bases
(02:57 / Allies) defense_expert: we are doing it liek that other game
(02:59 / Allies) defense_expert: wit ha towe rwall
(03:03 / Allies) seeds: o

(04:16 / Allies) seeds: i come mid

(05:38 / Allies) seeds: we could do your top forward exop now
(05:40 / Allies) seeds: and give it to ur elf
(05:55 / Allies) seeds: tech ur elf
(06:01 / Allies) seeds: o u did
(06:38 / Allies) defense_expert: tower a lto more
(07:20 / Allies) defense_expert: 4 workshops form the hu
(07:42 / Allies) defense_expert: get shredder asap we need it bat
(07:43 / Allies) defense_expert: bad
(07:54 / Allies) defense_expert: im going chims with this top efl
(08:23 / Allies) defense_expert: 4 gtanks on way
(08:23 / Allies) defense_expert: fuk
(08:58 / Allies) seeds: wyrms gargs and tanks

(11:56 / Allies) seeds: should i just have made archers
(12:04 / Allies) defense_expert: bottom tower very small
(12:06 / Allies) defense_expert: make more there
(12:55 / Allies) defense_expert: they r gonna have tons of air
(13:08 / Allies) seeds: i mass dotts?
(13:12 / Allies) defense_expert: dotts are shitty
(13:16 / Allies) defense_expert: better to just break food on human bases
(13:18 / Allies) seeds: unmounts?
(13:19 / Allies) defense_expert: and get chim with elf

(16:54 / Allies) defense_expert: b
(17:22 / Allies) seeds: no gold
(17:26 / Allies) defense_expert: u udner food?
(17:30 / Allies) seeds: ya
(17:38 / Allies) seeds: i have lots of wood
(18:33 / Allies) defense_expert: stay back on towers
(18:34 / Allies) defense_expert: stay well back

(21:15 / Allies) seeds: thats ours
(21:18 / Allies) seeds: we should be theo nes towering it
(21:19 / Allies) seeds: not them
(21:51 / Allies) defense_expert: senbd land
(22:17 / Allies) defense_expert: b
(23:14 / All) defense_expert: did you guys really lsoe 4v2?
(23:46 / Allies) seeds: u control those chims
(23:59 / Allies) defense_expert: stop making chims with bottom elf
(24:03 / Allies) defense_expert: it gets confusing wheni try to staff them

(25:09 / Allies) defense_expert: tower this fast

(26:14 / Allies) defense_expert: mega air coming in bottom
(26:24 / Allies) defense_expert: get some aa down there
(26:58 / Allies) seeds: r u controlling those chims or me
(27:04 / Allies) defense_expert: u control the marduk ones
(27:09 / Allies) seeds: u have some in ur numebr
(27:23 / Allies) seeds: inc at both bhottom chokes

(28:44 / Allies) defense_expert: fukin gcharm
(29:12 / Allies) defense_expert: oh thats confusing
(29:23 / Allies) defense_expert: somehow a blood marduk chim s hack got built with the nigaz ones
(29:30 / Allies) defense_expert: and ive been making marduk chism all thsi gteim

(31:28 / Allies) defense_expert: LOL
(31:33 / All) defense_expert: trouble in paradise?
(32:03 / All) defense_expert: whats wrong
(32:06 / All) defense_expert: noobs too dumb to kill a tower?
(32:39 / Allies) defense_expert: cornmilk probably "has too much gold"
(33:33 / All) defense_expert: u guys gonna hit or did you give up
(33:42 / All) thorzz: gave up

(37:43 / All) defense_expert: they really should have put a tower killing level in the campaign
(37:47 / All) defense_expert: i can see you werent prepared for htis
(38:08 / Allies) defense_expert: their apm has completely dropped off
(38:12 / Allies) defense_expert: idk why theyre still here
(38:37 / All) defense_expert: you guys had about 10 extra workers on that mine

(41:24 / All) defense_expert: our noob allies leaving was probably the worst thing that could have happened to you
(42:21 / All) defense_expert: 4v2
(42:27 / All) defense_expert: too dumb to kill a tower
(42:28 / All) seeds: RAPED
(42:31 / All) defense_expert: 4v2
(42:34 / All) defense_expert: too dumb to kill a tower

(43:53 / All) defense_expert: guess how much gold we have banked, to the nearest thousand
(43:55 / All) defense_expert: and we will leave
(44:14 / All) defense_expert: example: if you say "17000" and we have 16500, we leave
(44:50 / All) defense_expert: tp for?
(45:46 / All) defense_expert: you guys are gonna have to step up your offense or we will get bored and kill shit in ur towns

(49:35 / All) defense_expert: attack pls
(50:02 / Allies) seeds: why are they even still here
(50:08 / Allies) defense_expert: cuz one of them has 7 wyrms
(50:11 / Allies) defense_expert: and htats enough to killa hero
(50:14 / Allies) defense_expert: theoreticlaly
(50:34 / All) defense_expert: you guys havent said anything all game
(50:37 / All) defense_expert: too dumb to chat?
(50:49 / All) thorzz: to bored
(50:59 / All) defense_expert: why dont you take a stab at our gold guessing offer
(51:04 / All) defense_expert: theres no penalty for getting it wrong
(51:12 / All) thorzz: but must say I like how u kno im close before I can be seen
(51:21 / All) defense_expert: animal instincts
(51:29 / All) thorzz: good answer
(51:58 / Allies) defense_expert: this retard repaired his shade pit
(52:09 / Allies) defense_expert: he has no town and 91/40 food
(52:13 / Allies) defense_expert: and eh spent gold repairing a shade pit

(54:08 / All) defense_expert: i feel like im playing computer easy
(54:13 / All) defense_expert: u remember computer easy
(54:17 / All) defense_expert: if u beat it bad enough
(54:20 / All) defense_expert: it stops rebulding
(54:23 / All) defense_expert: and just does weird shit
(54:26 / All) defense_expert: patrolling 2 hgouls around
(54:45 / All) defense_expert: maybe these guys think were broke
(54:51 / All) defense_expert: and they are just one lucky gank away from a total victory
(54:56 / All) defense_expert: we have 25000 banked retards
(55:00 / All) defense_expert: and we havent lost a unit in half an hour
(55:55 / Allies) defense_expert: im gonna spend my gold

(60:03 / All) defense_expert: time to ruin this nerds fanmtasy of winning with his shitty wyrms

(61:03 / All) defense_expert: 4v2
(61:07 / All) defense_expert: too dumb to kill a tower
(61:44 / All) defense_expert: guess how much gold we have left over to the nearest 1000
(61:45 / All) BOM-factor: relax baby it was 2x2 all game
(61:46 / All) defense_expert: and we will still leave